 Dungeon Crawl Stone Soup version 0.31.0-12-g77e489cdc1 (webtiles) character file.

Game seed: 3145388155054222369

24746 leafyfresh the Covert (level 13, -16/111 HPs)
             Began as a Gnoll Delver on Feb 24, 2024.
             Was an Elder of Ashenzari.
             Demolished by a death yak simulacrum (35 damage)
             ... in an ice cave.
             The game lasted 00:36:48 (19029 turns).

leafyfresh the Covert (Gnoll Delver)               Turns: 19029, Time: 00:36:49

Health: -16/111    AC: 13    Str: 11      XL:     13   Next: 15%
Magic:  18/28      EV: 21    Int: 13 (14) God:    Ashenzari [****..]
Gold:   937        SH: 10    Dex: 23      Spells: 14/34 levels left

rFire   . . .        n - +2 whip "Lashed With Me" {elec, Dev, Bglg} (curse)
rCold   . . .        r - +3 warlock's mirror {omnireflect}
rNeg    . . .        R - +1 steam dragon scales of Ashenzari's Sorrow {Comp, Bglg} (curse)
rPois   .            (no helmet)
rElec   .            D - +0 cloak "Burden of Ashenzari" {Cun, Sorc} (curse)
rCorr   .            Q - +0 pair of gloves of Ashenzari's Sybil {Self, Bglg} (curse)
SInv    +            y - +2 pair of boots "Ruined Unpleasantness" {Comp, Dev} (curse)
Will    .....        (no amulet)
Stlth   +++          F - ring of Ashenzari's Boredom {Wiz, Melee, Self} (curse)
HPRegen 0.38/turn    x - ring of Curses and Power {Int+6, Sorc, Bglg} (curse)
MPRegen 0.21/turn

%: reflection, clarity, wizardry (x1)
@: forested, very slow
A: fangs 1, strong nose, distributed training, agile 1, deterioration 1
a: Renounce Religion, Shatter the Chains


You were in an ice cave.
You worshipped Ashenzari.
Ashenzari was greatly pleased with you.
You visited 3 branches of the dungeon, and saw 15 of its levels.
You also visited: Ice Cave.

You collected 937 gold pieces.

Inventory:

Hand Weapons
 n - the cursed +2 whip "Lashed With Me" (weapon) {elec, Dev, Bglg}
   (You took it off an orc on level 4 of the Dungeon)

   It has a curse which improves the following skills: Devices: Evocations and
   Shapeshifting.
   Beguiling: Hexes and Translocations.
 C - a +3 quarterstaff of chaos
 W - a +1 orcbow of flaming
Armour
 r - the +3 warlock's mirror (worn) {omnireflect}
   (You acquired it on level 6 of the Dungeon)

   Omnireflect: It can block and reflect piercing ranged attacks and magical
   attacks against the wielder's willpower.
 y - the cursed +2 pair of boots "Ruined Unpleasantness" (worn) {Comp, Dev}
   (You found it on level 4 of the Dungeon)

   It has a curse which improves the following skills: Companions: Summonings
   and Necromancy.
   Devices:   Evocations and Shapeshifting.
 D - the cursed +0 cloak "Burden of Ashenzari" (worn) {Cun, Sorc}
   (You took it off Crazy Yiuf on level 5 of the Dungeon)

   It has a curse which improves the following skills: Cunning: Dodging and
   Stealth.
   Sorcery:   Conjurations and Alchemy.
 Q - the cursed +0 pair of gloves of Ashenzari's Sybil (worn) {Self, Bglg}
   (You found it on level 9 of the Dungeon)

   It has a curse which improves the following skills: Introspection: Fighting
   and Spellcasting.
   Beguiling: Hexes and Translocations.
 R - the cursed +1 steam dragon scales of Ashenzari's Sorrow (worn) {Comp, Bglg}
   (You found it on level 9 of the Dungeon)

   It has a curse which improves the following skills: Companions: Summonings
   and Necromancy.
   Beguiling: Hexes and Translocations.
Jewellery
 d - the amulet "Xozadgh" {Faith Int+7 Slay-5}
   (You found it in an ice cave)

   [amulet of faith]

   Faith:     It allows you to gain divine favour quickly.
   Int+7:     It affects your intelligence (+7).
   Slay-5:    It affects your accuracy & damage with ranged weapons and melee
   (-5).
 x - the cursed ring of Curses and Power (right hand) {Int+6, Sorc, Bglg}
   (You found it on level 1 of the Dungeon)

   [ring of intelligence]

   Int+6:     It affects your intelligence (+6).
   It has a curse which improves the following skills: Sorcery: Conjurations and
   Alchemy.
   Beguiling: Hexes and Translocations.
 F - the cursed ring of Ashenzari's Boredom (left hand) {Wiz, Melee, Self}
   (You found it on level 6 of the Dungeon)

   [ring of wizardry]

   Wiz:       It improves your spell success rate.
   It has a curse which improves the following skills: Melee Combat: Short
   Blades, Long Blades, Axes, Maces & Flails, Polearms, Staves and Unarmed
   Combat.
   Introspection: Fighting and Spellcasting.
 O - a +6 ring of dexterity
 Y - a ring of protection from fire
Talismans
 k - a maw talisman
 I - a serpent talisman
Wands
 g - a wand of digging (3)
 A - a wand of flame (46)
 K - a wand of iceblast (20)
 M - a wand of paralysis (8)
 P - a wand of light (4)
 S - a wand of mindburst (4)
Scrolls
 c - 2 scrolls of fog
 m - 3 scrolls of blinking
 o - 2 scrolls of noise
 q - a scroll of brand weapon
 s - 4 scrolls of vulnerability
 u - 4 scrolls of immolation
 v - 3 scrolls of teleportation
 E - 2 scrolls of amnesia
 N - a scroll of enchant weapon
 U - a scroll of silence
 V - a scroll of enchant armour
Potions
 a - a potion of might
 f - 2 potions of haste
 h - 8 potions of curing
 i - a potion of enlightenment
 l - a potion of magic
 p - a potion of lignification
 t - 3 potions of resistance
 z - 4 potions of attraction
 J - 3 potions of heal wounds
 T - 2 potions of cancellation
 Z - a potion of ambrosia


   Skills:
 + Level 10.6(13.3) Fighting
 + Level 9.5(11.4) Short Blades
 + Level 8.3(10.2) Long Blades
 + Level 8.3(10.2) Axes
 + Level 8.3(10.2) Maces & Flails
 + Level 8.3(10.2) Polearms
 + Level 8.3(10.2) Staves
 + Level 8.3 Ranged Weapons
 + Level 8.3 Throwing
 + Level 8.3 Armour
 + Level 9.5(11.4) Dodging
 + Level 12.5(14.3) Stealth
 + Level 8.3 Shields
 + Level 8.3(10.2) Unarmed Combat
 + Level 8.3(11.1) Spellcasting
 + Level 6.9(9.7) Conjurations
 + Level 6.9(11.2) Hexes
 + Level 6.9(9.7) Summonings
 + Level 6.9(9.7) Necromancy
 + Level 6.9(11.2) Translocations
 + Level 6.9 Fire Magic
 + Level 6.9 Ice Magic
 + Level 6.9 Air Magic
 + Level 6.9 Earth Magic
 + Level 6.9(9.7) Alchemy
 + Level 9.1 Invocations
 + Level 8.3(11.1) Evocations
 + Level 7.6(10.3) Shapeshifting


You had 14 spell levels left.
You knew the following spells:

 Your Spells              Type           Power      Damage    Failure   Level
a - Ozocubu's Armour      Ice            25%        N/A       1%          3
b - Call Canine Familiar  Summ           32%        N/A       1%          3
c - Swiftness             Air            25%        N/A       1%          3
d - Summon Forest         Summ/Tloc      17%        N/A       1%          5
e - Eringya's Noxious Bo  Alch           16%        4d6       16%         6

Your spell library contained the following spells:

 Spells                   Type           Power      Damage    Failure   Level
 Apportation              Tloc           72%        N/A       1%          1
 Necrotise                Necr           100%       1d9       1%          1
 Sting                    Conj/Alch      100%       1d9       1%          1
 Summon Small Mammal      Summ           100%       N/A       1%          1
 Ensorcelled Hibernation  Hex/Ice        60%        N/A       1%          2
 Fugue of the Fallen      Necr           32%        N/A       1%          3
 Passwall                 Erth           25%        N/A       1%          3
 Sigil of Binding         Hex            36%        N/A       1%          3
 Tukima's Dance           Hex            36%        N/A       1%          3
 Dimensional Bullseye     Hex/Tloc       18%        N/A       1%          4
 Iskenderun's Mystic Bla  Conj/Tloc      34%        2d8       1%          4
 Manifold Assault         Tloc           36%        N/A       1%          4
 Summon Hydra             Summ           16%        N/A       61%         7


Dungeon Overview and Level Annotations

Branches:
Dungeon (11/15)            Temple (1/1) D:4            Lair (3/5) D:10
  Swamp (0/4) Lair:2       Spider (0/4) Lair:2          Orc (0/2) D:11
  IceCv (1/1)

Altars:
Ashenzari
Cheibriados
Dithmenos
Elyvilon
Fedhas
Gozag
Hepliaklqana
Kikubaaqudgha
Makhleb
Nemelex Xobeh
Okawaru
Qazlal
Ru
Sif Muna
Trog
Uskayaw
Vehumet
Wu Jian
Xom
Yredelemnul
Zin
The Shining One

Shops:
D:9 (   D:11 (

Annotations:
D:7 Jeremiah
Lair:1 exclusion: oklob plant IceCv exclusion: ice statue


Innate Abilities, Weirdness & Mutations

You have very sharp teeth.
Your uncanny sense of smell can sniff out nearby items.
Your experience applies equally to all skills.
You are agile. (Dex +4, Str/Int -1)
Your body sometimes deteriorates upon taking damage.


Message History

The dire elephant simulacrum freezes you!!!
Your dryad festers in the toxic bog!
Your dryad looks as sick as possible!
You kill your dryad!
Your dryad's corpse disappears in a puff of smoke!
The forest abruptly stops moving.
The death yak simulacrum festers in the toxic bog.
The death yak simulacrum gores you! The death yak simulacrum freezes you!!
Your body deteriorates!
You feel dopey.
You whack the brown ugly thing!
The brown ugly thing is severely wounded.
The brown ugly thing misses you.
Unknown command.
You barely miss the brown ugly thing.
The brown ugly thing is severely wounded.
The white ugly thing festers in the toxic bog!
The white ugly thing looks as sick as possible!
You kill the white ugly thing!
The dire elephant simulacrum festers in the toxic bog.
The dire elephant simulacrum completely misses you.
You block the dire elephant simulacrum's attack.
The death yak simulacrum festers in the toxic bog!
The death yak simulacrum gores you!
* * * LOW HITPOINT WARNING * * *
The death yak simulacrum freezes you!
* * * LOW HITPOINT WARNING * * *
You feel your intelligence returning.
You feel better.
Splash!
You fall into the shallow water.
Moving in this stuff is going to be slow.
Your noxious spew wanes.
The brown ugly thing barely misses you.
The dire elephant simulacrum barely misses you.
The dire elephant simulacrum closely misses you.
You feel better. The brown ugly thing misses you.
The death yak simulacrum gores you!
* * * LOW HITPOINT WARNING * * *
The death yak simulacrum freezes you!!
You die...

.# #).###..####..#..##
.## #[?# ##..# #.....#
..# #####♣..## ##...##
#.## ##..### ####♣ #..#
#..##.♣# ..##
#..#...##♣♣ .##
***#..#....#.#### .#
***,*#♣...#♣..u~~.##
##**,,,{*##..#..@~~♣..#
.#*,,,{,{*#####8ZZ~.~8♣
##^,,,**,{* #.Z≈≈≈~.♣
#,,,,**∆{,*** ♣..≈~_~.#
^....#∆∆{,+,* #♣.~~~~.♣
...8.#∆∆{,*∆* #8.....8#
.....#*∆,,*⌠* ♣♣......#
##....#*,,*** ♣.....##
*#...Z,,** **,,,**


You could see a brown ugly thing (very poisoned), a death yak simulacrum and 2
dire elephant simulacra.

Vanquished Creatures
  A hydra (Lair:2)
  A pharaoh ant (Lair:2)
  2 bog bodies (Lair:2)
  An ugly thing (IceCv)
  5 black mambas (Lair:1)
  5 elephants
  3 cane toads
  2 rime drakes (Lair:1)
  A komodo dragon (Lair:2)
  9 ice devils (IceCv)
  3 trolls
  Grinder (D:5)
  A shadow (D:9)
  A centaur simulacrum (D:10)
  8 yaks (Lair:1)
  4 wyverns
  A vampire mosquito (D:11)
  3 death yak simulacra (IceCv)
  3 steam dragons
  6 water moccasins
  An ice beast (D:4)
  4 orc warriors
  7 centaurs
  5 ogres
  3 phantoms
  9 bullfrogs
  4 kobold brigands
  3 scorpions
  4 cane toad simulacra
  4 wights (D:9)
  3 elephant simulacra
  20 killer bees
  A howler monkey (D:4)
  2 jellies
  7 orc priests
  9 hounds
  A gnoll bouda (D:8)
  Crazy Yiuf (D:5)
  2 iguanas
  A sleepcap (D:5)
  Ijyb (D:5)
  10 orc wizards
  A hell rat (Lair:1)
  A polar bear simulacrum (IceCv)
  3 wolf simulacra (IceCv)
  12 gnolls
  4 adders
  A shadow imp (D:6)
  A white imp (D:5)
  7 dart slugs
  A ribbon worm (D:4)
  32 orcs
  8 endoplasms
  3 giant cockroaches
  7 goblins
  9 hobgoblins
  4 jackals (D:3)
  A quokka (D:1)
  A ball python (D:4)
  8 bats
  4 frilled lizards
  15 kobolds
  9 rats
295 creatures vanquished.

Vanquished Creatures (collateral kills)
  A hydra (Lair:2)
  4 elephants (Lair:1)
  3 cane toads (Lair:1)
  A freezing wraith (IceCv)
  2 ice devils (IceCv)
  A blink frog (Lair:1)
  A dire elephant simulacrum (IceCv)
  5 yaks (Lair:1)
  A warg (D:11)
  A redback (Lair:2)
  A water moccasin (Lair:1)
  2 scorpions (Lair:2)
  A killer bee (D:8)
  An orc priest (D:11)
  An orc wizard (D:11)
  2 spriggan simulacra (IceCv)
  A troll simulacrum (IceCv)
  2 polar bear simulacra (IceCv)
  3 white imps (IceCv)
  2 orcs (D:11)
36 creatures vanquished.

Vanquished Creatures (others)
  2 snaplasher vines
2 creatures vanquished.

Grand Total: 333 creatures vanquished

Notes
Turn   | Place    | Note
-------+----------+-------------------------------------------
     0 | D:5      | Reached skill level 9 in Stealth
     0 | D:5      | leafyfresh the Gnoll Delver began the quest for the Orb.
     0 | D:5      | Reached XP level 1. HP: 23/23 MP: 1/1
   166 | D:5      | Noticed a scorpion
   204 | D:4      | Reached XP level 2. HP: 29/29 MP: 2/2
   501 | D:5      | Reached XP level 3. HP: 4/35 MP: 3/3
   642 | D:5      | Noticed Ijyb
   698 | D:4      | Noticed an ice beast
   701 | D:4      | Killed an ice beast
   702 | D:4      | Reached skill level 1 in Long Blades
   702 | D:4      | Reached skill level 1 in Axes
   702 | D:4      | Reached skill level 1 in Maces & Flails
   702 | D:4      | Reached skill level 1 in Polearms
   702 | D:4      | Reached skill level 1 in Staves
   702 | D:4      | Reached skill level 1 in Ranged Weapons
   702 | D:4      | Reached skill level 1 in Throwing
   702 | D:4      | Reached skill level 1 in Armour
   702 | D:4      | Reached skill level 1 in Shields
   702 | D:4      | Reached skill level 1 in Unarmed Combat
   702 | D:4      | Reached skill level 1 in Spellcasting
   702 | D:4      | Reached skill level 1 in Conjurations
   702 | D:4      | Reached skill level 1 in Hexes
   702 | D:4      | Reached skill level 1 in Summonings
   702 | D:4      | Reached skill level 1 in Necromancy
   702 | D:4      | Reached skill level 1 in Translocations
   702 | D:4      | Reached skill level 1 in Fire Magic
   702 | D:4      | Reached skill level 1 in Ice Magic
   702 | D:4      | Reached skill level 1 in Air Magic
   702 | D:4      | Reached skill level 1 in Earth Magic
   702 | D:4      | Reached skill level 1 in Alchemy
   702 | D:4      | Reached skill level 1 in Invocations
   702 | D:4      | Reached skill level 1 in Evocations
   702 | D:4      | Reached skill level 1 in Shapeshifting
   702 | D:4      | Reached XP level 4. HP: 41/41 MP: 3/6
   702 | D:4      | Reached XP level 5. HP: 47/47 MP: 3/7
  1023 | D:4      | Noticed a phantom
  1050 | D:4      | Killed a phantom
  1051 | D:4      | Reached skill level 5 in Short Blades
  1051 | D:4      | Reached skill level 5 in Dodging
  1051 | D:4      | Reached XP level 6. HP: 38/53 MP: 7/9
  1339 | D:4      | Found a staircase to the Ecumenical Temple.
  1536 | Temple   | Entered the Ecumenical Temple
  1564 | Temple   | Became a worshipper of Ashenzari the Shackled
  1806 | D:3      | Found a hide-covered altar of Uskayaw.
  2055 | D:3      | Found a radiant altar of Vehumet.
  2704 | D:2      | Reached XP level 7. HP: 52/60 MP: 10/10
  3830 | D:1      | Found a faded altar of an unknown god.
  3928 | D:1      | Reached * piety under Ashenzari
  3928 | D:1      | Identified a scroll of acquirement
  4311 | D:5      | Reached skill level 10 in Stealth
  4456 | D:5      | Killed Ijyb
  4496 | D:5      | Found a runed translucent door.
  4497 | D:5      | Noticed Crazy Yiuf
  4504 | D:5      | Learned a level 3 spell: Ozocubu's Armour
  4511 | D:5      | Killed Crazy Yiuf
  4724 | D:5      | Found a sparkling altar of Nemelex Xobeh.
  4724 | D:5      | Noticed Grinder
  4743 | D:5      | Killed Grinder
  4744 | D:5      | Reached XP level 8. HP: 33/68 MP: 13/13
  4964 | D:5      | Reached ** piety under Ashenzari
  5789 | D:6      | Reached XP level 9. HP: 56/75 MP: 16/16
  6389 | D:6      | Acquired the +3 warlock's mirror {omnireflect}
  6389 | D:6      | Found the +3 warlock's mirror {omnireflect}
  7052 | D:6      | Reached skill level 5 in Invocations
  8060 | D:7      | Learned a level 3 spell: Call Canine Familiar
  8516 | D:7      | Noticed Jeremiah
 10121 | D:8      | Reached skill level 5 in Long Blades
 10121 | D:8      | Reached skill level 5 in Axes
 10121 | D:8      | Reached skill level 5 in Maces & Flails
 10121 | D:8      | Reached skill level 5 in Polearms
 10121 | D:8      | Reached skill level 5 in Staves
 10121 | D:8      | Reached skill level 5 in Ranged Weapons
 10121 | D:8      | Reached skill level 5 in Throwing
 10121 | D:8      | Reached skill level 5 in Armour
 10121 | D:8      | Reached skill level 5 in Shields
 10121 | D:8      | Reached skill level 5 in Unarmed Combat
 10121 | D:8      | Reached skill level 5 in Spellcasting
 10121 | D:8      | Reached skill level 5 in Evocations
 10121 | D:8      | Reached XP level 10. HP: 67/81 MP: 17/17
 11378 | D:8      | Learned a level 3 spell: Swiftness
 11384 | D:8      | Learned a level 5 spell: Summon Forest
 11807 | D:9      | Reached skill level 11 in Stealth
 11994 | D:9      | Found Humis's Antique Weapon Boutique.
 12107 | D:9      | Found a burning altar of Makhleb.
 12258 | D:9      | Reached skill level 5 in Shapeshifting
 13024 | D:10     | Entered Level 10 of the Dungeon
 13909 | D:10     | Found a staircase to the Lair.
 14124 | D:11     | Found Deniyrph's Antique Weapon Shoppe.
 14213 | D:11     | Found a staircase to the Orcish Mines.
 14234 | D:11     | Reached skill level 5 in Conjurations
 14234 | D:11     | Reached skill level 5 in Hexes
 14234 | D:11     | Reached skill level 5 in Summonings
 14234 | D:11     | Reached skill level 5 in Necromancy
 14234 | D:11     | Reached skill level 5 in Translocations
 14234 | D:11     | Reached skill level 5 in Fire Magic
 14234 | D:11     | Reached skill level 5 in Ice Magic
 14234 | D:11     | Reached skill level 5 in Air Magic
 14234 | D:11     | Reached skill level 5 in Earth Magic
 14234 | D:11     | Reached skill level 5 in Alchemy
 14263 | D:11     | Reached XP level 11. HP: 21/91 MP: 18/21
 14717 | D:10     | Gained mutation: Your body sometimes deteriorates upon
                  | taking damage. [potion of mutation]
 14717 | D:10     | Gained mutation: You are agile. (Dex +4, Str/Int -1)
                  | [potion of mutation]
 14719 | Lair:1   | Entered Level 1 of the Lair of Beasts
 14870 | Lair:1   | Noticed an oklob plant
 15416 | Lair:1   | Reached XP level 12. HP: 97/99 MP: 21/24
 15499 | Lair:1   | Learned a level 6 spell: Eringya's Noxious Bog
 15630 | Lair:1   | Reached skill level 12 in Stealth
 15952 | Lair:1   | Reached *** piety under Ashenzari
 16109 | Lair:2   | Found a hole to the Spider Nest.
 16116 | Lair:2   | Reached skill level 10 in Fighting
 16738 | Lair:2   | Noticed a four-headed hydra
 16750 | Lair:2   | Killed a four-headed hydra
 16824 | Lair:2   | Noticed a five-headed hydra
 16837 | Lair:2   | Killed a five-headed hydra
 16961 | Lair:2   | Found a staircase to the Swamp.
 17060 | Lair:2   | Reached **** piety under Ashenzari
 17448 | Lair:3   | Found a frozen archway.
 17548 | IceCv    | Entered an ice cave
 18174 | IceCv    | Reached XP level 13. HP: 45/111 MP: 16/27
 18552 | IceCv    | Identified the amulet "Xozadgh" {Faith Int+7 Slay-5}
 18589 | IceCv    | Found an ancient bone altar of Kikubaaqudgha.
 19029 | IceCv    | Demolished by a death yak simulacrum

Illustrated notes

Levels and vault maps discovered:
D:1:      psy_arrival_spokes, layout_loops_ring,
          hellmonk_ecumenical_altar_run_dry, kennysheep_flooded_box
D:2:      layout_basic, st_stairs_2
D:3:      layout_loops_ring, nicolae_vehumet_altar_sigil,
          mainiacjoe_overflow_concentric_impassable, chequers_jeans
D:4:      layout_loops_cross, minmay_temple_entry_enclosed_plants,
          portal_sewer_entry_a, minmay_misc_feat_plants
D:5:      layout_loops_ring, lemuel_doored_altar, uniq_ijyb, uniq_grinder,
          uniq_crazy_yiuf_cottage
D:6:      kennysheep_housing_project, layout_rooms, kennysheep_small_spiral
D:7:      layout_rooms, uniq_jeremiah
D:8:      layout_basic, hangedman_abyss_or_decor_lesser_grid
D:9:      layout_long_grid, kennysheep_mini_moat, serial_shops,
          nicolae_shop_temple_entry_statues_fountains
D:10:     layout_small_grid, dpeg_oklobed_lair, minmay_chambers_of_fives
D:11:     layout_loops_ring, david_orc_3, serial_shops, shop,
          nicolae_shop_peninsula, shop, nicolae_square_shop,
          minmay_misc_feat_more_columns, hangedman_corner_corridor
Temple:   mainiacjoe_temple_bowtie_tessellation
Lair:1:   layout_chaotic_city, ebering_ghost_reflecting_pool,
          minmay_shattered_shrine, grunt_megastairs_5
Lair:2:   layout_roguey, skrybe_swamp_entry_bodies,
          nicolae_spider_entry_lesser_pyramids
Lair:3:   layout_long_grid, portal_ice_cave_entry_ice_simulacra,
          nicolae_lair_grove_arrangements, kilobyte_rumbling_trees
IceCv:    ice_cave_small_necro

Skill      XL: |  1  2  3  4  5  6  7  8  9 10 11 12 13 |
---------------+----------------------------------------+-----
Stealth        | 10 11 12 | 12.5
Long Blades    | 1 2 3 5 6 7 8 |  8.3
Axes           | 1 2 3 5 6 7 8 |  8.3
Maces & Flails | 1 2 3 5 6 7 8 |  8.3
Polearms       | 1 2 3 5 6 7 8 |  8.3
Staves         | 1 2 3 5 6 7 8 |  8.3
Ranged Weapons | 1 2 3 5 6 7 8 |  8.3
Throwing       | 1 2 3 5 6 7 8 |  8.3
Armour         | 1 2 3 5 6 7 8 |  8.3
Shields        | 1 2 3 5 6 7 8 |  8.3
Unarmed Combat | 1 2 3 5 6 7 8 |  8.3
Spellcasting   | 1 2 3 5 6 7 8 |  8.3
Conjurations   | 1 2 3 4 5 6 |  6.9
Hexes          | 1 2 3 4 5 6 |  6.9
Summonings     | 1 2 3 4 5 6 |  6.9
Necromancy     | 1 2 3 4 5 6 |  6.9
Translocations | 1 2 3 4 5 6 |  6.9
Fire Magic     | 1 2 3 4 5 6 |  6.9
Ice Magic      | 1 2 3 4 5 6 |  6.9
Air Magic      | 1 2 3 4 5 6 |  6.9
Earth Magic    | 1 2 3 4 5 6 |  6.9
Alchemy        | 1 2 3 4 5 6 |  6.9
Invocations    | 1 2 3 4 5 6 7 8 9 |  9.1
Evocations     | 1 2 3 5 6 7 8 |  8.3
Shapeshifting  | 1 2 3 4 5 6 7 |  7.6
Short Blades   | 5 6 7 8 9 |  9.5
Dodging        | 5 6 7 8 9 |  9.5
Fighting       | 7 8 9 10 | 10.6

Action                     |  1- 3 |  4- 6 |  7- 9 | 10-12 | 13-15 || total
---------------------------+-------+-------+-------+-------+-------++-------
  Melee: Short sword       |    38 |     5 |       |       |       ||    43
         Bite              |     3 |    14 |    76 |   117 |     7 ||   217
         Mace              |       |    59 |       |       |       ||    59
         Punch             |       |     2 |     4 |       |       ||     6
         Whip              |       |    72 |   562 |   729 |    59 ||  1422
   Cast: Ozocubu's Armour  |       |       |     2 |    16 |       ||    18
         Call Canine Famil |       |       |     2 |     9 |     1 ||    12
         Summon Forest     |       |       |       |    16 |     2 ||    18
         Swiftness         |       |       |       |     1 |       ||     1
         Eringya's Noxious |       |       |       |     6 |     2 ||     8
 Invoke: Curse Item        |       |       |     4 |     3 |     1 ||     8
         Shatter the Chain |       |       |     1 |       |       ||     1
    Use: Scroll            |     1 |       |     4 |     2 |       ||     7
         Potion            |       |       |     1 |     4 |     2 ||     7
   Stab: Sleeping          |     3 |    12 |    26 |    11 |       ||    52
         Distracted        |       |     1 |     1 |     5 |     1 ||     8
         Confused          |       |       |     2 |       |       ||     2
 Armour: Leather armour    |    14 |    53 |   195 |   110 |       ||   372
         Steam dragon scal |       |       |       |   213 |    13 ||   226
  Dodge: Dodged            |    19 |    94 |   356 |   463 |    29 ||   961
  Block: Buckler           |       |       |   130 |   336 |    21 ||   487
         Reflection        |       |       |     3 |    14 |       ||    17
